 Dungeon Crawl Stone Soup version 0.18.1-8-gdd0e5ea (webtiles) character file.

441 imganon the Chopper (level 6, 0/47 HPs)
             Began as a Demonspawn Berserker on May 21, 2016.
             Was a Priest of Trog.
             Shot with an arrow by a centaur (14 damage)
             ... on level 5 of the Dungeon.
             The game lasted 00:05:24 (4228 turns).

imganon the Chopper (Demonspawn Berserker)          Turns: 4228, Time: 00:05:24

Health: 0/47       AC:  7    Str: 24    XL:     6   Next: 70%
Magic:  6/6        EV: 16    Int:  9    God:    Trog [***...]
Gold:   214        SH:  0    Dex: 17    Spells: 0 memorised, 5 levels left

rFire  . . .     SeeInvis .     a - +0 hand axe
rCold  . . .     Gourm    .     b - +0 ring mail
rNeg   . . .     Faith    .     (no shield)
rPois  .         Spirit   .     (helmet restricted)
rElec  .         Dismiss  .     (no cloak)
rCorr  .         Reflect  .     e - +0 pair of gloves
SustAt .         Harm     .     h - +0 pair of boots
MR     .....                    (no amulet)
Stlth  ++........               (no ring)
                                (no ring)

@: mighty, agile, not resistant to hostile enchantments, unstealthy
A: horns 2, powered by pain 1, rot immunity
a: Berserk, Trog's Hand, Burn Spellbooks, Renounce Religion


You were on level 5 of the Dungeon.
You worshipped Trog.
Trog was most pleased with you.
You were not hungry.

You visited 1 branch of the dungeon, and saw 5 of its levels.

You collected 214 gold pieces.

Inventory:

Hand Weapons
 a - a +0 hand axe (weapon)
Armour
 b - a +0 ring mail (worn)
 e - a +0 pair of gloves (worn)
 h - a +0 pair of boots (worn)
Scrolls
 f - a scroll of identify
 i - a scroll of blinking
 s - 4 scrolls of remove curse
 t - a scroll of amnesia {unknown}
Potions
 d - a potion of invisibility
 j - a potion of flight {unknown}
 l - a potion of cure mutation {unknown}
 m - a potion of might {unknown}
 n - a potion of resistance
 o - 2 potions of brilliance {unknown}
 p - 2 potions of curing {unknown}
 r - a potion of agility {unknown}
 u - 2 potions of lignification {unknown}
 v - a potion of degeneration {unknown}
Books
 k - an Akashic Record

   Spells                             Type                      Level
   a - Dispersal                      Translocation                6
   b - Malign Gateway                 Summoning/Translocation      7
   c - Disjunction                    Translocation                8
   d - Controlled Blink               Translocation                8
   Trog disapproves of the use of such an item.
Comestibles
 c - 3 bread rations
 g - a royal jelly
 q - 3 meat rations
 w - 3 chunks of flesh


   Skills:
 - Level 3.0 Fighting
 + Level 7.0 Axes
 - Level 1.7 Armour
 - Level 1.7 Dodging


You had 5 spell levels left.
You didn't know any spells.

Dungeon Overview and Level Annotations

Branches:
Dungeon (5/15)
 Temple: D:4-7

Altars:
Dithmenos
Makhleb
Okawaru
Yredelemnul
Zin


Innate Abilities, Weirdness & Mutations

You have a pair of horns on your head.
You sometimes gain a little power by taking damage.
You are immune to rotting.


Message History

A centaur comes into view.
The centaur shouts!
The centaur wields a shortbow.
The centaur shoots an arrow.
The arrow hits you!
You focus on the pain.
You feel very mighty all of a sudden.
You see here an arrow.
A centaur is nearby!
A centaur is nearby!
The centaur shoots an arrow.
The arrow closely misses you.
Found a stone staircase leading down.
The centaur shoots an arrow.
The arrow hits you!
* * * LOW HITPOINT WARNING * * *
You focus on the pain.
You feel agile all of a sudden.
The centaur shoots an arrow.
The arrow closely misses you.
You see here an arrow.
You are too injured to fight recklessly!
Unknown command.
The centaur shoots an arrow.
The arrow hits you!
You die...

##############
............<#
###############.....####
..>c...@(.(.............
##..###########.....##.#
#.....##.# #.....##.#
#######....#.# #....
#....#.# #....##....#.#
##....##....#.#
...............


You could see a centaur.

Vanquished Creatures
  A phantom (D:4)
  An ogre (D:5)
  A hound (D:4)
  A worker ant (D:4)
  An iguana (D:4)
  7 adders
  2 oozes
  An adder skeleton (D:4)
  6 worms
  A dart slug (D:1)
  2 giant geckos
  4 orcs (D:3)
  7 bats
  2 giant cockroaches
  6 goblins
  11 hobgoblins
  16 jackals
  2 ball pythons
  6 giant newts
  9 kobolds
  6 rats
93 creatures vanquished.

Notes
Turn   | Place    | Note
--------------------------------------------------------------
     0 | D:1      | imganon the Demonspawn Berserker began the quest for the Orb.
     0 | D:1      | Reached XP level 1. HP: 18/18 MP: 1/1
    62 | D:1      | Reached skill level 3 in Axes
   153 | D:1      | Gained mutation: You sometimes gain a little power by taking damage. [demonic ancestry]
   153 | D:1      | Reached XP level 2. HP: 23/24 MP: 2/2
   798 | D:1      | Gained mutation: You have a pair of small horns on your head. [demonic ancestry]
   798 | D:1      | Reached XP level 3. HP: 29/29 MP: 3/3
   945 | D:2      | Found a faded altar to an unknown god.
   989 | D:2      | Reached ** piety under Trog
  1008 | D:2      | Reached skill level 4 in Axes
  1526 | D:2      | Reached XP level 4. HP: 29/35 MP: 4/4
  2282 | D:3      | Found a basalt altar of Yredelemnul.
  2321 | D:3      | Found a burning altar of Makhleb.
  2331 | D:3      | Reached skill level 5 in Axes
  2426 | D:3      | Gained mutation: You are immune to rotting. [demonic ancestry]
  2426 | D:3      | Reached XP level 5. HP: 41/41 MP: 5/5
  2470 | D:3      | Found an iron altar of Okawaru.
  2866 | D:4      | Reached *** piety under Trog
  3697 | D:4      | Reached skill level 6 in Axes
  4052 | D:4      | Found a glowing silver altar of Zin.
  4076 | D:4      | Gained mutation: You have a pair of horns on your head. [demonic ancestry]
  4076 | D:4      | Reached XP level 6. HP: 40/47 MP: 6/6
  4099 | D:4      | Found a shadowy altar of Dithmenos.
  4135 | D:5      | Entered Level 5 of the Dungeon
  4152 | D:5      | Reached skill level 7 in Axes
  4228 | D:5      | Shot with an arrow by a centaur

Skill      XL: |  1  2  3  4  5  6 |
---------------+-------------------+-----
Axes           | 3 4 5 6 7 |  7.0
Fighting       | |  3.0
Armour         | |  1.7
Dodging        | |  1.7

Action                   |  1- 3 |  4- 6 || total
-------------------------+-------+-------++-------
Melee: Hand axe          |   130 |   232 ||   362
       Headbutt          |    10 |    40 ||    50
Invok: Trog's Hand       |     1 |       ||     1
       Berserk           |       |     1 ||     1
  Use: Potion            |     1 |       ||     1
       Scroll            |       |     9 ||     9
 Stab: Sleeping          |     2 |     1 ||     3
  Eat: Chunk             |     2 |    10 ||    12
Armor: Animal skin       |    33 |    15 ||    48
       Leather armour    |       |    29 ||    29
       Ring mail         |       |    24 ||    24
Dodge: Dodged            |    87 |   149 ||   236
